 Dungeon Crawl Stone Soup version 0.31-a0-795-g5eb97db20b (webtiles) character file.

Game seed: 13817691004324754179

261 Perico1 the Ruffian (level 6, -1/38 HPs)
             Began as a Gargoyle Monk on Sept 18, 2023.
             Slain by an orc
             ... wielding a +2 antimagic mace
              (5 damage)
             ... on level 7 of the Dungeon.
             The game lasted 00:08:40 (1118 turns).

Perico1 the Ruffian (Gargoyle Monk)                 Turns: 1118, Time: 00:08:47

Health: -1/38      AC: 13    Str: 17    XL:     6   Next: 18%
Magic:  6/6        EV:  8    Int: 10    God:
Gold:   100        SH:  0    Dex: 12    Spells: 5/5 levels left

rFire   . .          .
                       - Unarmed
rCold   . . .        c - orb {light}
rNeg    + . .        g - +1 chain mail
rPois   ∞            (no helmet)
rElec   +            (no cloak)
rCorr   .            (no gloves)
SInv    .            (no boots)
Will    .....        (no amulet) Stlth
                     (no ring)
HPRegen 0.26/turn    (no ring)
MPRegen 0.10/turn

%: no passive effects
@: glowing
A: sickness immunity, AC +4, negative energy resistance 1, electricity
resistance, torment resistance 1, petrification resistance
a: no special abilities


You were on level 7 of the Dungeon.
You visited 1 branch of the dungeon, and saw 7 of its levels.

You collected 100 gold pieces.

Inventory:

Hand Weapons
 e - a +0 club
 j - a +0 dagger
 k - a +0 dagger
 n - a +0 club
 q - a +0 club
Missiles
 d - 21 stones
Armour
 a - a +0 robe
 c - an orb of light (worn)
 g - a +1 chain mail (worn)
 i - a +0 plate armour
 m - an orb of wrath
 o - a +0 scale mail
 p - a +0 robe
 t - a +0 robe
Jewellery
 r - a ring of ice
 s - a ring of protection from fire
 u - a ring of magical power
Scrolls
 f - a scroll of identify
 h - a scroll of vulnerability
Potions
 b - a potion of ambrosia
 l - a potion of curing {unknown}


   Skills:
 + Level 3.8 Fighting
 + Level 1.1 Armour
 + Level 3.0 Dodging
 + Level 5.9 Unarmed Combat


You had 5 spell levels left.
You didn't know any spells.
Your spell library contained the following spells:

 Spells                   Type           Power      Damage    Failure   Level
 Ignite Poison            Fire/Tmut/Pois 0%         N/A       100%        3
 Brom's Barrelling Bould  Conj/Erth      0%         2d3       100%        4
 Flame Wave               Conj/Fire      0%         2d4       100%        4
 Petrify                  Tmut/Erth      0%         N/A       100%        4
 Freezing Cloud           Conj/Ice/Air   0%         6-21      100%        5
 Cigotuvi's Dreadful Rot  Necr/Pois/Air  Unusable   N/A       N/A         2

Dungeon Overview and Level Annotations

Branches:
Dungeon (7/15)
 Temple: D:4-7

Altars:

Shops:
D:1 [*


Innate Abilities, Weirdness & Mutations

You are immune to sickness and miasma.
Your stone body is resilient. (AC +4)
You are immune to poison.
You resist negative energy. (rN+)
You are resistant to electric shocks. (rElec)
You are resistant to unholy torment.
You are immune to petrification.


Message History

The orc priest barely misses you.
The sky beast hits you but does no damage.
The orc priest barely misses you. The orc barely misses you.
The orc attacks as it pursues you!
The orc hits you with a +2 antimagic mace.
A black bear comes into view.
Found a stone staircase leading down.
The black bear growls angrily.
The sky beast attacks as it pursues you!
The sky beast hits you but does no damage.
The orc priest attacks as it pursues you!
The orc priest barely misses you.
The sky beast hits you but does no damage.
The orc priest invokes the aid of Beogh against you.
Beogh smites you!
* * * LOW HITPOINT WARNING * * *
The sky beast attacks as it pursues you!
The sky beast hits you.
* * * LOW HITPOINT WARNING * * *
The sky beast shocks you. You resist.
* * * LOW HITPOINT WARNING * * *
The orc barely misses you. The orc attacks as it pursues you!
The orc hits you but does no damage.
The orc priest casts a cantrip, but nothing happens.
The sky beast hits you but does no damage.
The orc priest hits you but does no damage.
The sky beast attacks as it pursues you!
The sky beast hits you but does no damage.
The orc attacks as it pursues you! The orc hits you but does no damage.
The orc priest hits you but does no damage.
The sky beast hits you but does no damage.
The orc priest attacks as it pursues you!
The orc priest hits you but does no damage.
You barely miss the orc. The sky beast hits you.
* * * LOW HITPOINT WARNING * * *
The sky beast shocks you. You resist.
* * * LOW HITPOINT WARNING * * *
The orc priest hits you but does no damage.
The orc hits you with a +2 antimagic mace.
You die...

#.....#.# #.......#
#....?#.###.......#
#.....#.#.........#
.l#+#.#.#.......###
#. #.#.......#
.#.#.......####
....)....h.o..#
.#.#.....oYo####
.....#####o@o.>#
.#..# ####### ....
.#. #


You could see a black bear, a sky beast (invisible), 2 orc priests and 3 orcs.

Vanquished Creatures
  A bullfrog (D:4)
  A scorpion (D:6)
  2 hounds
  4 adders
  2 dart slugs
  An orc (D:5)
  4 endoplasms
  2 giant cockroaches
  3 goblins
  3 hobgoblins
  4 jackals (D:2)
  2 quokkas
  3 ball pythons (D:1)
  3 bats
  2 frilled lizards (D:1)
  3 kobolds
  A rat (D:1)
41 creatures vanquished.

Notes
Turn   | Place    | Note
-------+----------+-------------------------------------------
     0 | D:1      | Perico1 the Gargoyle Monk began the quest for the Orb.
     0 | D:1      | Reached XP level 1. HP: 14/14 MP: 1/1
    54 | D:1      | Found Barghiad's General Store.
   150 | D:1      | Reached XP level 2. HP: 7/19 MP: 2/2
   157 | D:1      | Found Tayclut's Antique Armour Emporium.
   439 | D:2      | Got a murmuring book
   494 | D:2      | Reached XP level 3. HP: 18/23 MP: 3/3
   778 | D:4      | Reached skill level 4 in Unarmed Combat
   778 | D:4      | Reached XP level 4. HP: 25/29 MP: 4/4
   860 | D:4      | Noticed a bullfrog
   869 | D:4      | Killed a bullfrog
   870 | D:4      | Reached skill level 5 in Unarmed Combat
   870 | D:4      | Reached XP level 5. HP: 14/33 MP: 5/5
   946 | D:5      | Entered Level 5 of the Dungeon
  1020 | D:5      | Noticed an ogre
  1058 | D:6      | Reached skill level 1 in Armour
  1058 | D:6      | Reached XP level 6. HP: 32/38 MP: 6/6
  1083 | D:7      | Noticed a wyvern
  1104 | D:7      | Noticed a sky beast
  1109 | D:7      | Noticed a black bear
  1118 | D:7      | Slain by an orc

Illustrated notes

Levels and vault maps discovered:
D:1:      amcnicky_arrival_underground_garden, layout_basic, serial_shops, shop,
          shop, shop, nicolae_square_shop, shop
D:2:      layout_basic, serial_shops, nicolae_lakefront_shop,
          ebering_ecumenical_altar_abandoned
D:3:      layout_loops_ring, grunt_ministairs_15, serial_bayou_pond_b,
          bh_walls_and_bars, uniq_grinder, uniq_natasha
D:4:      layout_basic, kiku_gazebo_garden_becter, vehumet_altar_wand_db,
          st_stairs_4, nicolae_shop_overcharged_wands
D:5:      layout_rooms
D:6:      layout_basic, lemuel_doored_altar,
          nicolae_dithmenos_through_a_glass_darkly,
          minmay_temple_entry_gardened_gates, uniq_duvessa
D:7:      cheibrodos_steamvent, layout_basic, marbit_many_paths, enter_bailey_3,
          minmay_fractal_squares_diagonal_5

Skill      XL: |  1  2  3  4  5 |
---------------+----------------+-----
Unarmed Combat | 4 5 |  5.9
Dodging        | 3 |  3.0
Armour         | 1 |  1.1
Fighting       | |  3.8

Action                     |  1- 3 |  4- 6 || total
---------------------------+-------+-------++-------
  Melee: Unarmed           |   110 |    35 ||   145
    Use: Scroll            |     2 |       ||     2
 Armour: Robe              |    37 |       ||    37
         Chain mail        |    78 |    67 ||   145
  Dodge: Dodged            |   102 |    31 ||   133

Table legend: (Time is in decaauts)
 A = Elapsed time spent in this place.
 B = Non-inter-level travel time spent in this place.
 C = Inter-level travel time spent in this place.
 D = Time resting spent in this place.
 E = Time spent auto-exploring this place.
 F = Levels seen in this place.
 G = Mean time per level.
                   A        B        C        D        E       F      G
               +--------+--------+--------+--------+--------+-----+--------+
         Total |   1105 |   1105 |      0 |      0 |      0 |   7 |  157.9 |
       Dungeon |   1105 |   1105 |      0 |      0 |      0 |   7 |  157.9 |
               +--------+--------+--------+--------+--------+-----+--------+

Top non-repeatable levels by time:
     D:1: 422 daAuts
     D:2: 298 daAuts
     D:4: 169 daAuts
     D:5: 105 daAuts
     D:3: 47 daAuts
     D:7: 44 daAuts
     D:6: 19 daAuts
